 Dungeon Crawl Stone Soup version 0.29.0-15-g675c0067aa (webtiles) character file.

Game seed: 7234709432884264294

2647 qw the Cleaver (level 9, -3/57 HPs)
             Began as a Gargoyle Fighter on Sept 12, 2022.
             Slain by a gnoll sergeant
             ... wielding a +0 spear
              (5 damage)
             ... on level 7 of the Dungeon.
             The game lasted 00:02:36 (7584 turns).

qw the Cleaver (Gargoyle Fighter)                   Turns: 7584, Time: 00:02:36

Health: -3/57      AC: 19    Str: 23    XL:     9   Next: 62%
Magic:  9/9        EV:  8    Int: 13    God:
Gold:   0          SH:  5    Dex: 14    Spells: 8/8 levels left

rFire   . . .      SeeInvis .   Y - +1 war axe
rCold   . . .      Faith    .   c - +0 buckler
rNeg    + . .      Spirit   .   s - +0 chain mail
rPois   inf        Reflect  .   (helmet restricted)
rElec   +          Harm     .   (no cloak)
rCorr   .          Rampage  .   k - +0 pair of gloves
Will    ++...                   p - +1 pair of boots
Stlth   ..........              u - amulet of the acrobat
HPRegen 0.19/turn               h - ring of willpower
MPRegen 0.11/turn               m - +6 ring of dexterity

@: no status effects
A: sickness immunity, AC +6, negative energy resistance 1, electricity
resistance, torment resistance 1, petrification resistance, horns 1, clever 1,
strong-willed 1, mutation resistance 1
a: no special abilities


You were on level 7 of the Dungeon.
You visited 1 branch of the dungeon, and saw 7 of its levels.

You collected 401 gold pieces.
You spent 401 gold pieces at shops.


Innate Abilities, Weirdness & Mutations

You are immune to sickness and miasma.
Your stone body is resilient. (AC +6)
You are immune to poison.
You resist negative energy. (rN+)
You are resistant to electric shocks. (rElec)
You are resistant to unholy torment.
You are immune to petrification.
You have a pair of small horns on your head.
Your mind is acute. (Int +4, Str/Dex -1)
You are strong-willed. (Will+)
You are somewhat resistant to further mutation.


   Skills:
 - Level 7.0 Fighting
 + Level 9.5 Axes
 - Level 1.1 Throwing
 - Level 5.0 Armour
 - Level 2.2 Dodging
 - Level 4.2 Shields


You had 8 spell levels left.
You didn't know any spells.
Your spell library was empty.

Inventory:

Hand Weapons
 y - a +0 morningstar of protection
 Y - a +1 war axe (weapon)
Missiles
 r - 4 boomerangs (quivered)
Armour
 c - a +0 buckler (worn)
 k - a +0 pair of gloves (worn)
 p - a +1 pair of boots (worn)
 s - a +0 chain mail (worn)
Jewellery
 h - a ring of willpower (left hand)
 i - a ring of ice
 m - a +6 ring of dexterity (right hand)
 t - a ring of ice
 u - an amulet of the acrobat (around neck)
Scrolls
 a - 6 scrolls of fog
 b - 3 scrolls of identify
 f - a scroll of amnesia {unknown}
 z - a scroll of vulnerability {unknown}
 A - 2 scrolls of enchant armour {unknown}
 C - a scroll of poison {unknown}
 D - a scroll of silence {unknown}
Potions
 d - 3 potions of might
 e - a potion of berserk rage {unknown}
 g - a potion of mutation
 j - 2 potions of curing
 l - a potion of cancellation {unknown}
 n - a potion of attraction {unknown}
 o - 2 potions of lignification
 q - a potion of brilliance {unknown}
 v - a potion of ambrosia {unknown}
 w - a potion of magic {unknown}
 x - a potion of haste {unknown}
 B - a potion of resistance {unknown}

Dungeon Overview and Level Annotations

Branches:
Dungeon (7/15)             Temple (0/1) D:6

Altars:
Qazlal

Shops:
D:5 ?**   D:7 ?**


Message History

The killer bee stings you but does no damage. x2
The gnoll sergeant hits you from afar with a +0 spear.
The killer bee closely misses you.
You hit the killer bee but do no damage.
You headbutt the killer bee, but do no damage.
The killer bee is moderately wounded.
The killer bee stings you.
The gnoll sergeant hits you but does no damage.
The killer bee stings you but does no damage.
You miss the killer bee.
The killer bee is moderately wounded.
You block the killer bee's attack. The gnoll sergeant misses you.
The killer bee stings you but does no damage.
You barely miss the killer bee. Your headbutt misses the killer bee.
The killer bee is moderately wounded.
The killer bee barely misses you. You block the gnoll sergeant's attack.
The killer bee stings you but does no damage.
You miss the killer bee.
The killer bee is moderately wounded.
The killer bee stings you but does no damage.
The gnoll sergeant hits you but does no damage.
The killer bee stings you but does no damage.
You hit the killer bee.
You headbutt the killer bee, but do no damage.
The killer bee is heavily wounded.
You block the killer bee's attack. The gnoll sergeant closely misses you.
The killer bee stings you!
You hit the killer bee. You headbutt the killer bee!
You kill the killer bee!
You block the gnoll sergeant's attack.
The killer bee stings you but does no damage.
You barely miss the killer bee.
The killer bee stings you but does no damage.
The gnoll sergeant hits you from afar with a +0 spear.
The killer bee stings you but does no damage.
You miss the killer bee. Your headbutt misses the killer bee.
The killer bee barely misses you.
The killer bee stings you but does no damage.
The gnoll sergeant hits you from afar with a +0 spear.
You die...

## ... ## ...! #. .....
#. .....g##### #.
.....gy@%%#############.
......##)\..).##........
..... ######...........
.... ####........ ...
#......## .. #........
#.... ####........ #...>
#####.......#... #.#.#
#.....#...###...


You could see a gnoll sergeant, a killer bee and a gnoll.

Vanquished Creatures
  Eustachio (D:5)
  2 steam dragons (D:6)
  2 ice beasts
  A sky beast (D:6)
  An ogre (D:5)
  2 centaurs
  A phantom (D:6)
  A bullfrog (D:7)
  A necrophage (D:6)
  4 scorpions
  8 wights
  5 killer bees (D:7)
  An electric eel (D:7)
  3 jellies
  5 hounds
  An orc priest (D:5)
  4 iguanas
  2 orc wizards
  5 gnolls
  2 adders
  3 shadow imps
  3 white imps
  An ufetubus (D:5)
  3 dart slugs
  2 worms (D:6)
  14 orcs
  A bat (D:1)
  9 endoplasms
  2 giant cockroaches
  3 goblins
  12 hobgoblins
  8 jackals
  7 quokkas
  7 ball pythons
  7 frilled lizards
  5 kobolds
  7 rats
146 creatures vanquished.

Notes
Turn   | Place    | Note
-------+----------+-------------------------------------------
     0 | D:1      | qw the Gargoyle Fighter began the quest for the Orb.
     0 | D:1      | Reached XP level 1. HP: 14/14 MP: 1/1
     0 | D:1      | 0 ||| qw: Version: 0.1-a-119-g272c26d
     0 | D:1      | 0 ||| qw: Game counter: 10806
     0 | D:1      | 0 ||| qw: Always use a shield: true
     0 | D:1      | 0 ||| qw: God list: Okawaru
     0 | D:1      | 0 ||| qw: Allow faded altars: false
     0 | D:1      | 0 ||| qw: Do Orc after D:15 true
     0 | D:1      | 0 ||| qw: Do second Lair branch before Depths: true
     0 | D:1      | 0 ||| qw: Lair rune preference: random
     0 | D:1      | 0 ||| qw: Plans: Normal, Zot, God:TSO, Crypt, Tomb, Pan,
                  | Slime, Hells, Zig, Abyss, Orb
     0 | D:1      | 0 ||| PLANNING D:1-11
   127 | D:1      | Reached skill level 2 in Axes
   129 | D:1      | 129 ||| Stepping ~*~*~tactically~*~*~ (stealth).
   130 | D:1      | 130 ||| Stepping ~*~*~tactically~*~*~ (stealth).
   143 | D:1      | 143 ||| Stepping ~*~*~tactically~*~*~ (stealth).
   147 | D:1      | Reached XP level 2. HP: 10/19 MP: 2/2
   163 | D:1      | 163 ||| Stepping ~*~*~tactically~*~*~ (stealth).
   197 | D:1      | 197 ||| Stepping ~*~*~tactically~*~*~ (stealth).
   198 | D:1      | 198 ||| Stepping ~*~*~tactically~*~*~ (stealth).
   203 | D:1      | 203 ||| Stepping ~*~*~tactically~*~*~ (stealth).
   220 | D:1      | 220 ||| Stepping ~*~*~tactically~*~*~ (stealth).
   221 | D:1      | 221 ||| Stepping ~*~*~tactically~*~*~ (stealth).
   257 | D:1      | 257 ||| Stepping ~*~*~tactically~*~*~ (stealth).
   380 | D:1      | 380 ||| Stepping ~*~*~tactically~*~*~ (stealth).
   381 | D:1      | 381 ||| Stepping ~*~*~tactically~*~*~ (stealth).
   395 | D:1      | 395 ||| Stepping ~*~*~tactically~*~*~ (stealth).
   558 | D:1      | Reached skill level 3 in Axes
   672 | D:1      | Reached XP level 3. HP: 23/23 MP: 3/3
   749 | D:1      | 749 ||| Stepping ~*~*~tactically~*~*~ (stealth).
   811 | D:1      | 811 ||| Stepping ~*~*~tactically~*~*~ (stealth).
   942 | D:1      | Found a faded altar of an unknown god.
  1260 | D:1      | 1260 ||| UPGRADING to +0 pair of gloves.
  1265 | D:1      | 1265 ||| DROPPING scarf of shadows.
  1266 | D:1      | 1266 ||| UPGRADING to ring of willpower.
  1267 | D:1      | 1267 ||| DROPPING ring of magical power.
  1268 | D:1      | 1268 ||| UPGRADING to +6 ring of dexterity.
  1269 | D:1      | 1269 ||| READING 2 scrolls labelled BIASTO LUBITT.
  1270 | D:1      | 1270 ||| READING scroll labelled RUR KYKAJIT.
  1274 | D:1      | 1274 ||| READING scroll labelled NABRUO VARU.
  1318 | D:1      | 1318 ||| READING scroll labelled XEOXOANUECO.
  2262 | D:2      | 2262 ||| READING scroll labelled FYRGHY TALESI.
  2263 | D:2      | 2263 ||| READING scroll labelled XAUBBUCAUH.
  2264 | D:2      | 2264 ||| READING scroll labelled LIPPAU HOBB.
  2265 | D:2      | 2265 ||| READING scroll labelled ROUKHA TUMNUJA.
  2288 | D:3      | 2288 ||| Stepping ~*~*~tactically~*~*~ (hiding).
  2328 | D:3      | Reached skill level 1 in Dodging
  2328 | D:3      | Reached XP level 4. HP: 28/28 MP: 4/4
  2689 | D:3      | 2689 ||| Stepping ~*~*~tactically~*~*~ (hiding).
  3022 | D:3      | 3022 ||| UPGRADING to +1 pair of boots.
  3027 | D:3      | 3027 ||| DRINKING 2 metallic ruby potions.
  3110 | D:4      | 3110 ||| Stepping ~*~*~tactically~*~*~ (stealth).
  3112 | D:4      | 3112 ||| FLEEEEING.
  3113 | D:4      | 3113 ||| FLEEEEING.
  3114 | D:4      | 3114 ||| FLEEEEING.
  3115 | D:4      | 3115 ||| FLEEEEING.
  3116 | D:4      | 3116 ||| FLEEEEING.
  3117 | D:4      | 3117 ||| FLEEEEING.
  3118 | D:4      | 3118 ||| FLEEEEING.
  3119 | D:4      | 3119 ||| FLEEEEING.
  3120 | D:4      | 3120 ||| FLEEEEING.
  3121 | D:4      | 3121 ||| FLEEEEING.
  3122 | D:4      | 3122 ||| FLEEEEING.
  3123 | D:4      | 3123 ||| FLEEEEING.
  3124 | D:4      | 3124 ||| FLEEEEING.
  3125 | D:4      | 3125 ||| FLEEEEING.
  3126 | D:4      | 3126 ||| FLEEEEING.
  3127 | D:4      | 3127 ||| FLEEEEING.
  3128 | D:4      | 3128 ||| FLEEEEING.
  3129 | D:4      | 3129 ||| FLEEEEING.
  3130 | D:4      | 3130 ||| FLEEEEING.
  3131 | D:4      | 3131 ||| FLEEEEING.
  3132 | D:4      | 3132 ||| FLEEEEING.
  3133 | D:4      | 3133 ||| FLEEEEING.
  3134 | D:4      | 3134 ||| FLEEEEING.
  3135 | D:4      | 3135 ||| FLEEEEING.
  3136 | D:4      | 3136 ||| FLEEEEING.
  3137 | D:4      | 3137 ||| FLEEEEING.
  3138 | D:4      | 3138 ||| FLEEEEING.
  3139 | D:4      | 3139 ||| FLEEEEING.
  3402 | D:4      | 3402 ||| Stepping ~*~*~tactically~*~*~ (hiding).
  3404 | D:4      | 3404 ||| Stepping ~*~*~tactically~*~*~ (stealth).
  3525 | D:4      | Found a stormy altar of Qazlal.
  3533 | D:4      | 3533 ||| UPGRADING to +0 chain mail.
  3557 | D:4      | Reached skill level 4 in Axes
  3557 | D:4      | Reached XP level 5. HP: 29/32 MP: 5/5
  3590 | D:4      | 3590 ||| DROPPING +0 scale mail.
  3599 | D:4      | 3599 ||| DRINKING 2 ruby potions.
  3600 | D:4      | 3600 ||| READING scroll of teleportation.
  3855 | D:4      | Reached skill level 5 in Axes
  3855 | D:4      | Reached XP level 6. HP: 34/37 MP: 6/6
  4218 | D:4      | 4218 ||| UPGRADING to +0 helmet.
  4223 | D:4      | 4223 ||| DRINKING 2 green potions.
  4223 | D:4      | Gained mutation: You are strong-willed. (Will+) [potion of
                  | mutation]
  4223 | D:4      | Gained mutation: Your mind is acute. (Int +4, Str/Dex -1)
                  | [potion of mutation]
  4223 | D:4      | Gained mutation: You have a pair of small horns on your
                  | head. [potion of mutation]
  4223 | D:4      | Gained mutation: You are somewhat resistant to further
                  | mutation. [potion of mutation]
  4224 | D:4      | 4224 ||| DROPPING +0 helmet.
  4278 | D:5      | Entered Level 5 of the Dungeon
  4307 | D:5      | Found Fafiaba's Assorted Antiques.
  4313 | D:5      | 4313 ||| BUYING brown potion (24 gold).
  4313 | D:5      | Bought a brown potion for 24 gold pieces
  4313 | D:5      | 4313 ||| BUYING fizzy blue potion (24 gold).
  4313 | D:5      | Bought a fizzy blue potion for 24 gold pieces
  4313 | D:5      | 4313 ||| BUYING fuming dark potion (24 gold).
  4313 | D:5      | Bought a fuming dark potion for 24 gold pieces
  4313 | D:5      | 4313 ||| BUYING potion of curing (81 gold).
  4313 | D:5      | Bought a potion of curing for 81 gold pieces
  4313 | D:5      | 4313 ||| SHOPLISTING runed shadow dragon scales (2241 gold,
                  | have 107).
  4316 | D:5      | 4316 ||| Stepping ~*~*~tactically~*~*~ (stealth).
  4317 | D:5      | 4317 ||| Stepping ~*~*~tactically~*~*~ (hiding).
  4319 | D:5      | Noticed Eustachio
  4326 | D:5      | 4326 ||| Stepping ~*~*~tactically~*~*~ (hiding).
  4332 | D:5      | HP: 9/38 [scorpion (6)]
  4333 | D:5      | 4333 ||| DRINKING potion of heal wounds.
  4341 | D:5      | Reached skill level 6 in Axes
  4341 | D:5      | Reached XP level 7. HP: 19/43 MP: 7/7
  4341 | D:5      | Killed Eustachio
  4540 | D:5      | 4540 ||| Stepping ~*~*~tactically~*~*~ (hiding).
  4777 | D:5      | Reached skill level 1 in Throwing
  4812 | D:5      | Reached skill level 7 in Axes
  4868 | D:5      | Found Qaup's Magic Scroll Emporium.
  4873 | D:5      | 4873 ||| BUYING scroll of fog (60 gold).
  4873 | D:5      | Bought a scroll of fog for 60 gold pieces
  4873 | D:5      | 4873 ||| BUYING scroll of fog (60 gold).
  4873 | D:5      | Bought a scroll of fog for 60 gold pieces
  4873 | D:5      | 4873 ||| SHOPLISTING scroll of identify (30 gold, have 17).
  4873 | D:5      | 4873 ||| SHOPLISTING scroll of teleportation (45 gold, have
                  | 17).
  4918 | D:5      | Found Kapumoj's Assorted Antiques.
  4925 | D:5      | 4925 ||| SHOPLISTING notched cabochon ring (115 gold, have
                  | 17).
  4925 | D:5      | 4925 ||| SHOPLISTING potion of heal wounds (115 gold, have
                  | 17).
  4925 | D:5      | 4925 ||| SHOPLISTING sapphire potion (20 gold, have 17).
  4925 | D:5      | 4925 ||| SHOPLISTING scroll labelled OCWETA INLES (23 gold,
                  | have 17).
  5079 | D:5      | 5079 ||| UPGRADING to amulet of the acrobat.
  5084 | D:5      | 5084 ||| DRINKING 3 fizzy blue potions.
  5110 | D:5      | 5110 ||| DROPPING potion of invisibility.
  5185 | D:5      | 5185 ||| STAIRDANCE
  5397 | D:6      | 5397 ||| PLANNING SEWER
  5413 | D:6      | Reached XP level 8. HP: 45/49 MP: 8/8
  5623 | D:6      | 5623 ||| Stepping ~*~*~tactically~*~*~ (stealth).
  5625 | D:6      | 5625 ||| Stepping ~*~*~tactically~*~*~ (hiding).
  5627 | D:6      | 5627 ||| Stepping ~*~*~tactically~*~*~ (hiding).
  5864 | D:6      | 5864 ||| Stepping ~*~*~tactically~*~*~ (hiding).
  5865 | D:6      | 5865 ||| Stepping ~*~*~tactically~*~*~ (hiding).
  5866 | D:6      | 5866 ||| Stepping ~*~*~tactically~*~*~ (hiding).
  5867 | D:6      | 5867 ||| Stepping ~*~*~tactically~*~*~ (hiding).
  5872 | D:6      | Reached skill level 8 in Axes
  5995 | D:6      | 5995 ||| RIP SEWER
  6010 | D:6      | Found a staircase to the Ecumenical Temple.
  6011 | D:6      | 6011 ||| PLANNING D:1-11
  6071 | D:6      | 6071 ||| DROPPING +0 mace.
  6123 | D:6      | 6123 ||| Stepping randomly (cloudy).
  6138 | D:6      | Reached skill level 6 in Fighting
  6138 | D:6      | 6138 ||| Stepping ~*~*~tactically~*~*~ (cloud).
  6384 | D:6      | 6384 ||| Stepping ~*~*~tactically~*~*~ (stealth).
  6443 | D:6      | 6443 ||| Stepping ~*~*~tactically~*~*~ (cloud).
  6667 | D:6      | Reached XP level 9. HP: 56/56 MP: 9/9
  6669 | D:6      | Reached skill level 9 in Axes
  6786 | D:6      | 6786 ||| FLEEEEING.
  6940 | D:6      | 6940 ||| Stepping ~*~*~tactically~*~*~ (stealth).
  6943 | D:6      | 6943 ||| READING scroll of teleportation.
  7264 | D:7      | 7264 ||| Stepping ~*~*~tactically~*~*~ (stealth).
  7324 | D:7      | Found Paphuiry's Assorted Antiques.
  7335 | D:7      | 7335 ||| BUYING scroll labelled ECIOTS QITUETI (30 gold).
  7335 | D:7      | Bought a scroll labelled ECIOTS QITUETI for 30 gold pieces
  7335 | D:7      | 7335 ||| BUYING scroll labelled TEXEUN ROAJOQ (30 gold).
  7335 | D:7      | Bought a scroll labelled TEXEUN ROAJOQ for 30 gold pieces
  7335 | D:7      | 7335 ||| BUYING scroll labelled TEXEUN ROAJOQ (30 gold).
  7335 | D:7      | Bought a scroll labelled TEXEUN ROAJOQ for 30 gold pieces
  7335 | D:7      | 7335 ||| SHOPLISTING scroll of fog (120 gold, have 14).
  7335 | D:7      | 7335 ||| SHOPLISTING twisted gilded ring (150 gold, have
                  | 14).
  7368 | D:7      | 7368 ||| Stepping ~*~*~tactically~*~*~ (stealth).
  7445 | D:7      | Found Ynadaisk's Assorted Antiques.
  7453 | D:7      | 7453 ||| BUYING orange potion (18 gold).
  7453 | D:7      | Bought an orange potion for 18 gold pieces
  7453 | D:7      | 7453 ||| SHOPLISTING plate armour (460 gold, have 20).
  7453 | D:7      | 7453 ||| SHOPLISTING potion of curing (60 gold, have 20).
  7453 | D:7      | 7453 ||| SHOPLISTING potion of lignification (60 gold, have
                  | 20).
  7453 | D:7      | 7453 ||| BUYING scroll labelled QELUSS OVULAM (20 gold).
  7453 | D:7      | Bought a scroll labelled QELUSS OVULAM for 20 gold pieces
  7453 | D:7      | 7453 ||| SHOPLISTING scroll labelled TEXEUN ROAJOQ (20
                  | gold, have 0).
  7523 | D:7      | Found Karod's Magic Scroll Shop.
  7541 | D:7      | 7541 ||| SHOPLISTING scroll of enchant armour (112 gold,
                  | have 0).
  7576 | D:7      | HP: 14/57 [gnoll sergeant/+0 spear (3)]
  7581 | D:7      | HP: 5/57 [killer bee (7)]
  7583 | D:7      | HP: 1/57 [gnoll sergeant/+0 spear (4)]
  7584 | D:7      | Slain by a gnoll sergeant

Levels and vault maps discovered:
D:1:      nicolae_arrival_somewhat_less_tricky_arrival, layout_loops_ring,
          basic_ecumenical_altar
D:2:      layout_basic, chequers_serial_rivers_small_3
D:3:      layout_loops_ring
D:4:      layout_basic, amcnicky_altar_gilded
D:5:      layout_cave_pools, serial_shops, shop, kennysheep_little_box,
          nicolae_shop_crystal, nicolae_fountain_basement, uniq_eustachio
D:6:      layout_basic, minmay_temple_entry_statues, cheibrodos_sewer_entry_bend
D:7:      layout_rooms, serial_shops, shop, shop, shop, kennysheep_dice

Skill      XL: |  1  2  3  4  5  6  7  8  9 |
---------------+----------------------------+-----
Axes           | 2 3 4 5 6 7 8 9 |  9.5
Dodging        | 1 2 |  2.2
Fighting       | 4 5 6 7 |  7.0
Throwing       | 1 |  1.1
Armour         | 4 5 |  5.0
Shields        | 4 |  4.2

Action                   |  1- 3 |  4- 6 |  7- 9 || total
-------------------------+-------+-------+-------++-------
Melee: War axe           |   143 |   103 |   223 ||   469
       Headbutt          |       |     4 |    40 ||    44
Throw: Boomerang         |       |    23 |    54 ||    77
  Use: Scroll            |     8 |     1 |     1 ||    10
       Potion            |       |     4 |     1 ||     5
Armor: Scale mail        |    79 |    26 |       ||   105
       Chain mail        |       |    39 |   165 ||   204
       Skin              |       |     2 |       ||     2
Dodge: Dodged            |    59 |    46 |    99 ||   204
Block: Buckler           |    23 |    35 |    60 ||   118

Table legend:
 A = Non-vault XP
 B = Vault XP
 C = Vault XP percentage of total XP
 D = Non-vault monster count
 E = Vault monster count
 F = Vault count percentage of total count
                 A         B        C        D         E       F
            +---------+---------+-------+---------+---------+-------
      Total |    3568 |     214 |   5.7 |     139 |       7 |   4.8
            +---------+---------+-------+---------+---------+-------
        D:1 |      57 |       0 |   0.0 |      33 |       0 |   0.0
        D:2 |      16 |       0 |   0.0 |      11 |       0 |   0.0
        D:3 |      41 |       0 |   0.0 |      15 |       0 |   0.0
        D:4 |     212 |      50 |  19.1 |      20 |       2 |   9.1
        D:5 |     574 |     155 |  21.3 |      16 |       3 |  15.8
        D:6 |    1579 |       9 |   0.6 |      25 |       2 |   7.4
        D:7 |    1089 |       0 |   0.0 |      19 |       0 |   0.0
            +---------+---------+-------+---------+---------+-------
